 Dungeon Crawl Stone Soup version 0.24.0-123-gd5b16e6ec5 (webtiles) character file.

Game seed: 11590540031448975514, levelgen mode: deterministic

81781 yujeong the Brawler (level 15, -4/148 HPs)
             Began as a Troll Monk on Jan 13, 2020.
             Was the Champion of Makhleb.
             Slain by a sun demon (6 damage)
             ... summoned by an orc sorcerer
             ... while paralysed by an orc sorcerer
             ... on level 2 of the Orcish Mines.
             The game lasted 00:42:46 (19505 turns).

yujeong the Brawler (Troll Monk)                   Turns: 19505, Time: 00:42:47

Health: -4/148     AC: 16    Str: 31    XL:     15   Next: 27%
Magic:  21/21      EV:  1    Int:  4    God:    Makhleb [******]
Gold:   1820       SH:  0    Dex: 12    Spells: 14/14 levels left

rFire    + . .     SeeInvis +     - Unarmed
rCold    . . .     Gourm    +   P - +2 shield
rNeg     . . .     Faith    .   e - +1 troll leather armour
rPois    .         Spirit   .   (helmet restricted)
rElec    .         Reflect  .   X - +1 cloak
rCorr    .         Harm     .   (gloves unavailable)
MR       ++...                  (boots unavailable)
Stlth    +.........             D - amulet of regeneration
HPRegen  1.54/turn              F - ring of the Pharaoh's Fist {*Corrode rF+ MR+ Str+3 SInv}
MPRegen  0.17/turn              W - +2 ring of protection

@: paralysed
A: large, unfitting armour, claws 3, repulsion field 1, thin metallic scales 1,
dopey 1, fast metabolism 3, gourmand, regeneration 1, shaggy fur 1, tough skin 3
a: Minor Destruction, Lesser Servant of Makhleb, Major Destruction, Greater
Servant of Makhleb, Renounce Religion


You were on level 2 of the Orcish Mines.
You worshipped Makhleb.
Makhleb was exalted by your worship.
You were very full.

You visited 3 branches of the dungeon, and saw 23 of its levels.

You collected 1919 gold pieces.
You spent 99 gold pieces at shops.

Inventory:

Hand Weapons
 b - a +8 scimitar of flaming
Missiles
 f - 3 throwing nets
 n - 22 boomerangs
 E - 8 large rocks (quivered)
 J - a boomerang of dispersal
 O - 29 poisoned darts
Armour
 e - a +1 troll leather armour (worn)
 o - a scarf of cloud immunity
 G - a +2 robe of cold resistance
 P - a +2 shield (worn)
 X - a +1 cloak (worn)
Jewellery
 j - a cursed amulet of inaccuracy {unknown}
 B - an uncursed ring of ice
 D - an amulet of regeneration (around neck)
 F - the ring of the Pharaoh's Fist (left claw) {*Corrode rF+ MR+ Str+3 SInv}
   (You found it on level 3 of the Lair of Beasts)

   [ring of strength]

   It affects your strength (+3).
   It protects you from fire.
   It affects your resistance to hostile enchantments.
   It lets you see invisible.
   It may corrode you when you take damage.
 K - an uncursed ring of protection from fire
 R - an uncursed ring of flight
 W - a +2 ring of protection (right claw)
Wands
 h - a wand of iceblast (9)
 z - a wand of flame (32)
 S - a wand of polymorph (2)
 T - a wand of enslavement (7)
 U - a wand of digging (6)
 Y - a wand of paralysis (18)
Scrolls
 g - 9 scrolls of remove curse
 i - 7 scrolls of amnesia
 l - 8 scrolls of fog
 m - 4 scrolls of magic mapping
 p - 3 scrolls of blinking
 q - 5 scrolls of teleportation
 x - 3 scrolls of enchant armour
 y - a scroll of noise
 C - 4 scrolls of fear
 I - a scroll of identify
 Q - a scroll of enchant weapon
Potions
 c - 7 potions of curing
 d - 10 potions of lignification
 k - 4 potions of haste
 r - 3 potions of ambrosia {unknown}
 s - 3 potions of invisibility
 t - 2 potions of brilliance
 u - 3 potions of cancellation
 v - 6 potions of might
 w - 5 potions of flight
 A - 3 potions of heal wounds
 H - 2 potions of magic {unknown}
 M - 2 potions of degeneration {unknown}
 N - 2 potions of resistance {unknown}
Miscellaneous
 Z - a phial of floods
Comestibles
 L - 50 rations


   Skills:
 * Level 9.6 Fighting
 + Level 2.0 Long Blades
 + Level 2.5 Throwing
 * Level 7.2 Armour
 - Level 2.7 Dodging
 - Level 1.1 Stealth
 - Level 9.0 Shields
 + Level 16.8 Unarmed Combat
 * Level 10.0 Invocations
 + Level 1.4 Evocations


You had 14 spell levels left.
You didn't know any spells.
Your spell library contained the following spells:

 Spells                   Type           Power        Failure   Level  Hunger
 Corona                   Hex            #......      52%         1    ##.....
 Sandblast                Erth           #.....       52%         1    ##.....
 Passwall                 Tmut/Erth      #.......     67%         2    ###....
 Slow                     Hex            #.......     67%         2    ###....
 Inner Flame              Hex/Fire       #.......     88%         3    ####...
 Portal Projectile        Hex/Tloc       #.....       88%         3    ####...
 Recall                   Summ/Tloc      N/A          88%         3    ####...
 Stone Arrow              Conj/Erth      #.....       88%         3    ####...
 Animate Dead             Necr           N/A          99%         4    #####..
 Cause Fear               Hex            #.........   99%         4    #####..
 Leda's Liquefaction      Hex/Erth       #.........   99%         4    #####..
 Petrify                  Tmut/Erth      #.......     99%         4    #####..
 Borgnjor's Vile Clutch   Necr/Erth      #.........   100%        5    ######.
 Lee's Rapid Deconstruct  Erth           #.........   100%        5    ######.
 Death Channel            Necr           #.........   100%        6    #######
 Simulacrum               Ice/Necr       #.........   100%        6    #######


Dungeon Overview and Level Annotations

Branches:
Dungeon (15/15)            Temple (0/1) D:4            Lair (6/6) D:10
  Swamp (0/4) Lair:4        Snake (0/4) Lair:4        Slime (0/5) Lair:6
    Orc (2/2) D:12            Elf (0/3) Orc:2        Vaults (0/5) D:14
 Depths: D:15

Altars:
Fedhas
Makhleb
Okawaru
Qazlal
Ru
Wu Jian
Zin
Beogh

Shops:
D:4 *   D:6 *

Annotations:
D:11 exclusion: 2 centaurs
D:12 exclusion: downstairs
Lair:2 3 runed translucent doors, Duaji's ghost, journeyman GrFi
Lair:6 exclusion: 4 oklob plants


Innate Abilities, Weirdness & Mutations

You are too large for most types of armour.
You have claws for hands.
Your metabolism is lightning-fast.
You like to eat raw meat.
Your natural rate of healing is unusually fast.
You are covered in fur. (AC +1)
You have extremely tough skin. (AC +3)
You are surrounded by a mild repulsion field. (EV +2)
You are partially covered in thin metallic scales. (AC +2)
You are dopey. (Int -2)


Message History

The orc sorcerer hits you with a +0 dagger.
The orc hits you but does no damage. The sun demon hits you.
You are engulfed in flames.
You resist. The hellwing hits you! x2
The orc warrior hits you but does no damage.
The hellwing hits you but does no damage. x2
The sun demon hits you!!
You are engulfed in flames!
You resist.
* * * LOW HITPOINT WARNING * * *
The orc sorcerer hits you but does no damage.
The orc warrior hits you from afar with a +0 glaive!!
* * * LOW HITPOINT WARNING * * *
The orc hits you but does no damage.
The hellwing hits you but does no damage.
The hellwing hits you!
* * * LOW HITPOINT WARNING * * *
The hellwing hits you but does no damage. x2
The sun demon hits you!
* * * LOW HITPOINT WARNING * * *
You are engulfed in flames.
You resist.
You die...

###8)))8###
##.#.....#.## ..
####..#....[#..####..
.........[..#........
..#..$.)$[$.......#..
.#....[[).$..........
#.....[..[o[o........
.#....[[...4)4.....$.
.<.......#.o@o.......
.............3.......
.....................
.................>...
###.#.#.#..###.#..###
########## #####


You could see a sun demon, 2 hellwings, an orc sorcerer, 2 orc warriors and an
orc.

Vanquished Creatures
  Rupert (D:14)
  An ettin (Orc:1)
  A fire dragon (Lair:6)
  Fannar (Lair:3)
  3 vault guards (D:14)
  7 hydras
  2 catoblepae
  A centaur warrior (D:15)
  3 two-headed ogres
  Erica (D:9)
  2 orc high priests (Orc:2)
  2 tengu warriors
  4 death yaks (Lair:6)
  Urug (Orc:2)
  An unseen horror (D:12)
  A sea snake (D:13)
  3 deep elf magi
  3 orc knights
  A lindwurm (Lair:6)
  6 ugly things
  2 orc sorcerers
  5 elephants (Lair:6)
  A cyclops (D:12)
  3 manticores
  Joseph (D:10)
  5 torpor snails (Lair:6)
  7 black mambas
  A gargoyle (D:10)
  A spiny frog (shapeshifter) (D:14)
  13 spiny frogs
  6 komodo dragons
  A rime drake (Lair:6)
  2 yaktaurs (D:14)
  A kobold demonologist (D:13)
  A tengu conjurer (D:14)
  6 hornets (Lair:6)
  3 polar bears
  3 meliai (D:15)
  4 tyrant leeches (Lair:6)
  3 trolls
  3 slime creatures (D:13)
  A dream sheep (Lair:6)
  7 hippogriffs
  8 blink frogs
  3 bog bodies (Lair:4)
  A vampire (D:14)
  A wraith (D:15)
  9 wyverns
  2 shadows
  12 yaks
  4 hungry ghosts
  2 basilisks
  4 wargs
  2 vampire mosquitoes (D:15)
  2 nagas (Lair:4)
  A swamp worm (Lair:4)
  10 water moccasins
  6 porcupines
  17 orc warriors
  4 black bears
  4 sky beasts
  5 phantoms
  7 ice beasts
  10 ogres
  8 centaurs
  2 necrophages
  8 crocodiles
  6 wolves (Lair:2)
  5 big kobolds
  Blork the orc (D:4)
  16 bullfrogs
  6 gnoll sergeants
  A scorpion (D:5)
  3 killer bees (D:10)
  17 wights
  2 howler monkeys
  An electric eel (Lair:4)
  7 crimson imps
  3 bullfrog zombies
  3 centaur zombies
  A quasit (D:14)
  3 jellies
  12 orc wizards
  A gnoll shaman (D:7)
  14 orc priests
  7 hounds
  3 iguanas
  10 worker ants
  A killer bee zombie (D:6)
  A hound zombie (D:9)
  A hound skeleton (D:7)
  A worker ant zombie (D:6)
  Robin (D:4)
  8 adders
  8 gnolls
  2 adder skeletons
  2 adder zombies
  6 leopard geckos
  50 orcs
  A ball python (D:3)
  6 giant cockroaches
  15 goblins
  8 hobgoblins
  3 jackals (D:2)
  16 kobolds
  5 quokkas
  6 bats
  3 frilled lizards
  A jackal skeleton (D:8)
  2 leopard gecko skeletons
  6 rats
532 creatures vanquished.

Vanquished Creatures (collateral kills)
  2 hydras (D:13)
  A two-headed ogre (D:8)
  An unseen horror (D:14)
  2 slime creatures (D:13)
  A wyvern (D:14)
  A basilisk (D:14)
  An acid dragon (D:13)
  An ice beast (D:13)
  A centaur (D:10)
  A big kobold (D:13)
  2 wights (D:13)
  4 orc wizards
  A gnoll (D:8)
  3 orcs
  2 kobolds (D:13)
24 creatures vanquished.

Vanquished Creatures (others)
  3 fungi (Lair:6)
  16 plants (Lair:6)
19 creatures vanquished.

Grand Total: 575 creatures vanquished

Notes
Turn   | Place    | Note
-------+----------+-------------------------------------------
     0 | D:1      | yujeong the Troll Monk began the quest for the Orb.
     0 | D:1      | Reached XP level 1. HP: 22/22 MP: 0/0
   385 | D:1      | Reached XP level 2. HP: 29/29 MP: 1/1
   922 | D:2      | Reached XP level 3. HP: 33/36 MP: 2/2
  1205 | D:2      | Reached skill level 4 in Unarmed Combat
  1254 | D:2      | Found a glowing silver altar of Zin.
  1503 | D:3      | Found a burning altar of Makhleb.
  1504 | D:3      | Found an iron altar of Okawaru.
  1512 | D:3      | Became a worshipper of Makhleb the Destroyer
  1512 | D:3      | Reached * piety under Makhleb
  1512 | D:3      | Reached ** piety under Makhleb
  1570 | D:3      | Found a stormy altar of Qazlal.
  1572 | D:3      | Noticed a water elemental
  1572 | D:3      | Noticed an earth elemental
  1573 | D:3      | Noticed a fire elemental
  1573 | D:3      | Noticed an air elemental
  1640 | D:3      | Reached XP level 4. HP: 43/44 MP: 3/3
  1763 | D:3      | Found a blossoming altar of Fedhas.
  1766 | D:3      | Found a sacrificial altar of Ru.
  2158 | D:4      | Noticed a phantom
  2159 | D:4      | Found Seext's Assorted Antiques.
  2165 | D:4      | Bought a smoky green potion for 22 gold pieces
  2165 | D:4      | Bought an orange potion for 22 gold pieces
  2190 | D:4      | Killed a phantom
  2190 | D:4      | Reached skill level 5 in Unarmed Combat
  2190 | D:4      | Reached skill level 1 in Invocations
  2190 | D:4      | Reached XP level 5. HP: 33/53 MP: 4/4
  2263 | D:4      | Noticed Blork the orc
  2273 | D:4      | Killed Blork the orc
  2273 | D:4      | Reached XP level 6. HP: 50/61 MP: 6/6
  2350 | D:4      | Reached skill level 6 in Unarmed Combat
  2418 | D:4      | Found a staircase to the Ecumenical Temple.
  2467 | D:4      | Noticed Robin
  2493 | D:4      | Killed Robin
  2768 | D:5      | Entered Level 5 of the Dungeon
  2954 | D:5      | Reached XP level 7. HP: 32/67 MP: 7/7
  3023 | D:5      | Reached skill level 7 in Unarmed Combat
  3161 | D:5      | Reached *** piety under Makhleb
  3509 | D:6      | Reached skill level 8 in Unarmed Combat
  3509 | D:6      | Reached XP level 8. HP: 75/75 MP: 9/9
  3523 | D:6      | Found a sacrificial altar of Ru.
  3735 | D:6      | Found Zamelapn's General Store.
  3741 | D:6      | Bought a potion of heal wounds for 55 gold pieces
  4016 | D:6      | Found an ornate altar of the Wu Jian Council.
  4100 | D:7      | Reached skill level 9 in Unarmed Combat
  4282 | D:7      | Reached skill level 10 in Unarmed Combat
  4295 | D:7      | Reached XP level 9. HP: 84/84 MP: 11/11
  4458 | D:7      | Reached **** piety under Makhleb
  5067 | D:8      | Reached skill level 11 in Unarmed Combat
  5067 | D:8      | Reached skill level 5 in Invocations
  5131 | D:8      | Noticed a two-headed ogre
  5166 | D:8      | Killed a two-headed ogre
  5396 | D:8      | Reached skill level 12 in Unarmed Combat
  5447 | D:8      | Reached XP level 10. HP: 29/94 MP: 13/13
  6108 | D:9      | Noticed Erica
  6127 | D:9      | Killed Erica
  6127 | D:9      | Reached skill level 1 in Shields
  6475 | D:10     | Entered Level 10 of the Dungeon
  6507 | D:10     | Reached skill level 5 in Fighting
  6591 | D:10     | Found a staircase to the Lair.
  6937 | D:10     | Noticed a two-headed ogre
  7202 | D:10     | Noticed Joseph
  7213 | D:10     | Killed Joseph
  7213 | D:10     | Reached skill level 13 in Unarmed Combat
  7309 | D:10     | Noticed a gargoyle
  7316 | D:10     | Killed a gargoyle
  7583 | D:11     | Noticed a manticore
  7588 | D:11     | Killed a manticore
  7588 | D:11     | Reached ***** piety under Makhleb
  7808 | D:11     | Noticed a green ugly thing
  7816 | D:11     | Killed a green ugly thing
  7816 | D:11     | Reached XP level 11. HP: 103/104 MP: 14/14
  9092 | D:12     | Killed an unseen horror
  9092 | D:12     | Reached skill level 1 in Throwing
  9092 | D:12     | Reached skill level 1 in Armour
  9150 | D:12     | Found a staircase to the Orcish Mines.
  9580 | D:12     | Noticed a two-headed ogre
  9586 | D:12     | Killed a two-headed ogre
 10383 | D:13     | Killed a two-headed ogre
 10398 | D:13     | Noticed a sun demon
 10419 | D:13     | You fall into a shaft and drop 2 floors!
 10419 | D:15     | Entered Level 15 of the Dungeon
 10581 | D:15     | Noticed a deep elf mage
 10592 | D:15     | Killed a deep elf mage
 10592 | D:15     | Reached skill level 5 in Shields
 10654 | D:15     | Reached skill level 14 in Unarmed Combat
 10658 | D:15     | Reached skill level 1 in Evocations
 10658 | D:15     | Reached XP level 12. HP: 92/116 MP: 15/17
 10709 | D:15     | Reached XP level 13. HP: 122/122 MP: 18/18
 10791 | D:13     | Noticed Nessos
 10797 | D:12     | HP: 6/122 [poisoned by Nessos]
 10802 | D:12     | HP: 5/122 [poisoned by Nessos]
 10807 | D:12     | HP: 6/122 [poisoned by Nessos]
 11130 | D:13     | Noticed Nessos
 11130 | D:13     | Nessos changed into Nessos the sea snake
 11152 | D:13     | Killed Nessos the sea snake
 11502 | D:13     | Reached skill level 5 in Armour
 12086 | D:14     | Noticed Rupert
 12107 | D:14     | Killed Rupert
 12441 | D:14     | Gained mutation: You are dopey. (Int -2) [potion of
                  | mutation]
 12441 | D:14     | Gained mutation: You are partially covered in thin metallic
                  | scales. (AC +2) [potion of mutation]
 12441 | D:14     | Gained mutation: You are surrounded by a mild repulsion
                  | field. (EV +2) [potion of mutation]
 12519 | D:14     | Found a gate to the Vaults.
 12931 | D:14     | Reached skill level 15 in Unarmed Combat
 13379 | D:15     | Noticed a fire dragon
 13527 | Lair:1   | Entered Level 1 of the Lair of Beasts
 13606 | Lair:1   | Reached XP level 14. HP: 126/137 MP: 19/19
 14273 | Lair:2   | Found a runed translucent gate.
 14287 | Lair:2   | Identified 2 scrolls of acquirement
 14289 | Lair:2   | Got a steaming shield
 14362 | Lair:2   | Identified the +0 shield of Protective Custody {+Blink}
                  | (You acquired it on level 2 of the Lair of Beasts)
 14391 | Lair:2   | Found a runed translucent gate.
 14392 | Lair:2   | Found a runed translucent gate.
 14593 | Lair:2   | Reached ****** piety under Makhleb
 14594 | Lair:2   | Noticed Duaji's ghost (journeyman GrFi)
 15335 | Lair:3   | Noticed Fannar
 15366 | Lair:3   | Killed Fannar
 15455 | Lair:3   | Got a fine bronze ring
 15457 | Lair:3   | Identified the ring of the Pharaoh's Fist {*Corrode rF+ MR+
                  | Str+3 SInv} (You found it on level 3 of the Lair of Beasts)
 15886 | Lair:4   | Found a staircase to the Snake Pit.
 16407 | Lair:4   | Found a staircase to the Swamp.
 17222 | Lair:6   | Entered Level 6 of the Lair of Beasts
 17429 | Lair:6   | Reached skill level 16 in Unarmed Combat
 17525 | Lair:6   | Got a scintillating tin amulet
 17529 | Lair:6   | Identified the amulet of the Madman {Harm *Drain Str+4
                  | SInv} (You found it on level 6 of the Lair of Beasts)
 17685 | Lair:6   | Reached skill level 1 in Long Blades
 18007 | Lair:6   | Reached XP level 15. HP: 148/148 MP: 21/21
 18093 | Lair:6   | Found a runed translucent door.
 18202 | Lair:6   | Paralysed by a hornet for 3 turns
 18211 | Lair:6   | Paralysed by a hornet for 2 turns
 18503 | Lair:6   | Found a staircase to the Slime Pits.
 18948 | Orc:1    | Entered Level 1 of the Orcish Mines
 19090 | Orc:2    | Entered Level 2 of the Orcish Mines
 19090 | Orc:2    | Found a staircase to the Elven Halls.
 19138 | Orc:1    | Reached skill level 10 in Invocations
 19176 | Orc:2    | Noticed Urug
 19192 | Orc:2    | Killed Urug
 19204 | Orc:2    | Found a roughly hewn altar of Beogh.
 19490 | Orc:2    | Paralysed by an orc sorcerer for 5 turns
 19502 | Orc:2    | Paralysed by an orc sorcerer for 3 turns
 19505 | Orc:2    | HP: 2/148 [sun demon[an orc sorcerer] (17)]
 19505 | Orc:2    | Slain by a sun demon

Levels and vault maps discovered:
D:1:      ebering_trefoil_twist, layout_loops_corners,
          chequers_serial_rivers_room_a
D:2:      layout_basic, zin_statuary, first_ration
D:3:      layout_loops_ring, chequers_temple_overflow_statue_of_worship,
          nicolae_qazlal_style_of_elements, grunt_temple_overflow_open
D:4:      layout_basic, minmay_temple_entry_enclosed_plants, serial_shops, shop,
          hangedman_abyss_or_decor_passed, uniq_robin, uniq_blork_the_orc
D:5:      layout_loops_ring
D:6:      layout_loops_ring, lemuel_round_altar, serial_shops, shop,
          nicolae_ru_the_path_less_chosen
D:7:      layout_basic, grunt_ogre_cave
D:8:      layout_basic, serial_glass, glass_columns_a, glass_columns_a,
          glass_columns_c, glass_columns_a
D:9:      layout_basic, minmay_misc_feat_tiny, uniq_erica
D:10:     layout_stronghold, erik_lair_orcish_takeover, uniq_joseph
D:11:     layout_long_grid, grunt_ministairs_4, centaur_isle
D:12:     layout_basic, kennysheep_orc_monster_closet_entryway
D:13:     kennysheep_ambush_hall, layout_cave_pools, uniq_nessos
D:14:     layout_irregular_city, grunt_vaults_entry_fortified,
          hangedman_abyss_or_decor_lesser_grid, drop_trap, uniq_rupert
D:15:     grunt_enter_depths_hoard, layout_loops_corners, minivault_23
Lair:1:   layout_regular_city
Lair:2:   layout_regular_city, gammafunk_ghost_icy
Lair:3:   layout_roguey, lemuel_fruit_tree, uniq_fannar
Lair:4:   layout_loops_ring, nicolae_swamp_entry_splash_gauntlet,
          guppyfry_snake_entry_garden, grunt_forest_small_clearings,
          serial_bayou_shore_b
Lair:5:   layout_loops_ring, beast_lair_carwin_2
Lair:6:   wormcave, layout_loops_ring, minmay_slime_entry_oklob_open,
          infiniplex_staircase_pool_2, minmay_lair_oklob_chamber,
          grunt_megastairs_2
Orc:1:    cheibrodos_orc_guarddog, layout_caves, serial_shops, shop
Orc:2:    grunt_orc_cross, layout_caves, serial_shops, shop_fountains,
          basic_altar, elves_outpost_lemuel

Skill      XL: |  1  2  3  4  5  6  7  8  9 10 11 12 13 14 15 |
---------------+----------------------------------------------+-----
Unarmed Combat | 4 5 6 8 10 12 13 14 15 16 | 16.8
Fighting       | 3 4 5 7 8 9 |  9.6
Invocations    | 1 2 3 4 5 6 8 9 10 | 10.0
Shields        | 3 5 6 7 9 |  9.0
Throwing       | 2 |  2.5
Armour         | 4 5 6 7 |  7.2
Evocations     | 1 |  1.4
Long Blades    | 1 2 |  2.0
Dodging        | |  2.7
Stealth        | |  1.1

Action                   |  1- 3 |  4- 6 |  7- 9 | 10-12 | 13-15 || total
-------------------------+-------+-------+-------+-------+-------++-------
Melee: Unarmed           |    96 |   104 |   240 |   394 |   991 ||  1825
       Punch             |     1 |     1 |    12 |     1 |       ||    15
       Scimitar          |       |       |       |       |    46 ||    46
Throw: Boomerang         |       |       |     1 |    25 |       ||    26
       Dart              |       |       |       |    22 |     1 ||    23
       Large rock        |       |       |       |     1 |     8 ||     9
Invok: Lesser Servant of |       |       |     2 |     5 |    12 ||    19
 Abil: Evoke Flight      |       |       |       |       |     1 ||     1
Evoke: Wand              |       |       |       |       |     2 ||     2
  Use: Scroll            |       |       |       |    14 |    21 ||    35
       Potion            |       |       |       |     4 |     2 ||     6
 Stab: Sleeping          |     5 |       |     3 |     2 |     1 ||    11
       Distracted        |       |       |       |     1 |     3 ||     4
       Petrified         |       |       |       |       |    14 ||    14
  Eat: Chunk             |    20 |     9 |    32 |    51 |    88 ||   200
       Ration            |       |       |       |       |     2 ||     2
Armor: Robe              |    34 |    33 |    51 |    52 |       ||   170
       Troll leather arm |       |       |       |    69 |   309 ||   378
Dodge: Dodged            |    42 |    49 |   114 |   115 |   362 ||   682
Block: Shield            |       |       |       |   212 |   596 ||   808
       Rpst.: Scimitar   |       |       |       |       |     5 ||     5
